 Dungeon Crawl Stone Soup version 0.28.0-49-g6dfe1f597d (webtiles) character file.

Game seed: 4030018533101894915

11778 vvl the Tainter (level 11, -4/83 HPs)
             Began as a Demonspawn Venom Mage on May 13, 2022.
             Was a Priest of Makhleb.
             Hit by a silver javelin thrown by a minotaur (33 damage)
             ... on level 1 of the Lair of Beasts.
             The game lasted 00:40:20 (16034 turns).

vvl the Tainter (Demonspawn Venom Mage)            Turns: 16034, Time: 00:40:20

Health: -4/83      AC: 22    Str: 12    XL:     11   Next: 53%
Magic:  14/20      EV: 15    Int: 21    God:    Makhleb [***...]
Gold:   691        SH: 14    Dex: 13    Spells: 2/22 levels left

rFire   . . .      SeeInvis .   r - +0 short sword (venom)
rCold   . . .      Faith    .   g - +0 buckler {AC+3}
rNeg    . . .      Spirit   .   N - +0 leather armour
rPois   .          Reflect  +   (no helmet)
rElec   .          Harm     .   h - +1 cloak {Will+}
rCorr   .          Rampage  .   k - +2 pair of gloves {Str+3}
Will    +....                   (boots unavailable)
Stlth   ++........              f - amulet of reflection
HPRegen 0.23/turn               w - ring of wizardry
MPRegen 0.17/turn               x - +4 ring of evasion

@: no status effects
A: hooves 3, icy blue scales 2, icemail 2, condensation shield
a: Renounce Religion, Minor Destruction, Lesser Servant of Makhleb


You were on level 1 of the Lair of Beasts.
You worshipped Makhleb.
Makhleb was most pleased with you.
You visited 3 branches of the dungeon, and saw 14 of its levels.

You collected 691 gold pieces.

Inventory:

Hand Weapons
 r - a +0 short sword of venom (weapon)
 I - a +2 dire flail of protection
 J - a +3 spectral short sword
 K - a +2 vampiric spear
Armour
 g - a +0 buckler of protection (worn)
 h - a +1 cloak of willpower (worn)
 k - a +2 pair of gloves of strength (worn)
 N - a +0 leather armour (worn)
Magical Staves
 D - a staff of air
 G - a staff of earth
Jewellery
 f - an amulet of reflection (around neck)
 w - a ring of wizardry (left hand)
 x - a +4 ring of evasion (right hand)
 A - a ring of resist corrosion
Wands
 a - a wand of iceblast (1)
 t - a wand of digging (3)
 y - a wand of charming (17)
Scrolls
 c - a scroll of immolation {unknown}
 i - 2 scrolls of magic mapping {unknown}
 j - 4 scrolls of silence {unknown}
 l - 2 scrolls of amnesia {unknown}
 p - 2 scrolls of fog {unknown}
 q - 4 scrolls of teleportation
 s - a scroll of enchant weapon {unknown}
 u - a scroll of vulnerability {unknown}
 z - a scroll of holy word {unknown}
 F - 2 scrolls of fear {unknown}
 H - 3 scrolls of noise {unknown}
Potions
 b - 2 potions of cancellation
 d - 6 potions of invisibility
 e - 4 potions of brilliance
 m - 3 potions of magic
 n - 2 potions of heal wounds
 o - 4 potions of attraction
 v - 4 potions of curing
 B - 3 potions of mutation
 C - a potion of degeneration {unknown}
 E - 2 potions of haste {unknown}
 L - a potion of ambrosia {unknown}


   Skills:
 + Level 6.6 Fighting
 - Level 4.0 Armour
 - Level 2.0 Dodging
 - Level 2.0 Stealth
 - Level 4.0 Shields
 + Level 6.4 Spellcasting
 + Level 3.9 Conjurations
 + Level 7.0 Necromancy
 - Level 5.0 Transmutations
 + Level 3.5 Air Magic
 + Level 3.6 Earth Magic
 + Level 9.3 Poison Magic
 + Level 3.3 Invocations
 + Level 0.0 Evocations


You had 2 spell levels left.
You knew the following spells:

 Your Spells              Type           Power      Damage    Failure   Level
a - Sting                 Tmut/Pois      100%       1d8       1%          1
b - Passwall              Tmut/Erth      20%        N/A       1%          2
c - Olgreb's Toxic Radia  Pois           46%        N/A       1%          4
d - Blink                 Tloc           12%        N/A       10%         2
e - Dispel Undead         Necr           36%        3d15      3%          4
f - Animate Skeleton      Necr           72%        N/A       1%          1
g - Stone Arrow           Conj/Erth      44%        3d9       4%          3
h - Swiftness             Air            21%        N/A       4%          3

Your spell library contained the following spells:

 Spells                   Type           Power      Damage    Failure   Level
 Pain                     Necr           100%       1d9       1%          1
 Sandblast                Erth           44%        2d11      1%          1
 Corpse Rot               Necr/Air       58%        N/A       1%          2
 Poisonous Vapours        Pois/Air       66%        N/A       1%          2
 Ensorcelled Hibernation  Hex/Ice        12%        N/A       10%         2
 Mephitic Cloud           Conj/Pois/Air  30%        N/A       1%          3
 Vampiric Draining        Necr           36%        2d8       1%          3
 Lesser Beckoning         Tloc           6%         N/A       19%         3
 Death Channel            Necr           18%        N/A       45%         6
 Manifold Assault         Tloc           6%         N/A       83%         5


Dungeon Overview and Level Annotations

Branches:
Dungeon (12/15)            Temple (1/1) D:6            Lair (1/6) D:8
    Orc (0/2) D:9

Altars:
Ashenzari
Cheibriados
Dithmenos
Elyvilon
Fedhas
Gozag
Hepliaklqana
Kikubaaqudgha
Makhleb
Nemelex Xobeh
Okawaru
Qazlal
Ru
Sif Muna
Trog
Uskayaw
Vehumet
Wu Jian
Xom
Yredelemnul
Zin
The Shining One

Shops:
D:3 [   D:4 :

Portals:
Ice
Cave: D:12


Innate Abilities, Weirdness & Mutations

You have hooves in place of feet.
You are mostly covered in icy blue scales. (AC +3)
A meltable icy envelope protects you from harm. (AC +8)
A meltable shield of frost defends you. (SH +4)


Message History

Okay, then.
As you open the door, it creaks loudly!
There is an open translucent door here.
A minotaur comes into view. It is quivering silver javelins.
Found 7 sling bullets.
Found an escape hatch in the floor.
The minotaur bellows!
The sting hits the minotaur.
The minotaur is poisoned.
The minotaur is lightly wounded.
The minotaur throws a silver javelin.
The silver javelin misses you.
The sting hits the minotaur but does no damage.
The minotaur looks even sicker.
The minotaur is lightly wounded.
The sting hits the minotaur but does no damage.
The minotaur looks even sicker.
The minotaur is lightly wounded.
The sting hits the minotaur but does no damage.
The minotaur looks as sick as possible!
The minotaur is lightly wounded.
The minotaur hits you!
The minotaur gores you but does no damage.
There is a fountain of clear blue water here.
The minotaur throws a silver javelin.
The silver javelin pierces through you!!
The silver sears you!
The minotaur throws a silver javelin.
The silver javelin pierces through you!!
* * * LOW HITPOINT WARNING * * *
The silver sears you!
* * * LOW HITPOINT WARNING * * *
You feel much better.
Casting: Sting (safe; 1% risk of failure)
Confirm with . or Enter, or press ? or * to list all spells.
Aiming: Stone Arrow (mildly dangerous; 4% risk of failure)
Press: ? - help, Shift-Dir - straight line, f/p - minotaur
Aim: a minotaur, wearing a +0 chain mail and quivering silver javelins (moderately wounded, very poisoned, 83% to hit)
The stone arrow hits the minotaur!
The minotaur is moderately wounded.
The minotaur throws a silver javelin.
The silver javelin pierces through you!!
You die...

##################
#................#
#.##############.#
#.#...#........#.#
#.#.##########.#.#
#.#.#..........#.#
#...# ⌠####⌠.#.#.#
#####.#.# ##. ##.#.#.#
#.#.#.#.# #.> #@#.#.#
....#.#.# .8 #.#.#.#
....#.#.# #. ##H#.#.#
....#.#.#.⌠#.##⌠.#.#.#
....#.#.#........#.#.#
....#.#.##########.#.#
....#.#............#.#
....#.##############.#
....#..............#.#


You could see a minotaur (very poisoned).

Vanquished Creatures
  2 two-headed ogres
  A cyclops (D:11)
  A manticore (D:11)
  A torpor snail (Lair:1)
  2 unseen horrors (D:10)
  2 rime drakes (D:12)
  A troll (D:11)
  A meliai zombie (D:11)
  2 wraiths
  2 shadows (D:9)
  13 yaks
  3 wyverns
  2 steam dragons
  Eustachio (D:5)
  Menkaure (D:4)
  2 acid dragons
  5 water moccasins
  2 black bears
  2 orc warriors
  4 ogres
  A necrophage (D:4)
  5 centaurs
  2 phantoms
  2 kobold brigands
  4 bullfrogs
  4 scorpions
  A wyvern zombie (D:9)
  A wyvern skeleton (D:7)
  4 killer bees (D:8)
  A troll zombie (D:9)
  10 wights (D:9)
  A howler monkey (D:4)
  A bullfrog zombie (D:6)
  2 hounds
  2 jellies
  A centaur zombie (D:6)
  3 gnoll shamans
  5 orc priests
  A centaur skeleton (D:6)
  6 iguanas
  3 orc wizards
  A killer bee zombie (D:5)
  7 ogre zombies (D:9)
  A hound skeleton (D:3)
  20 gnolls
  4 adders
  2 white imps
  3 dart slugs
  34 orcs
  12 bats
  6 endoplasms
  3 giant cockroaches
  7 goblins
  8 hobgoblins
  8 jackals
  4 quokkas
  2 ball pythons
  A frilled lizard (D:3)
  3 goblin skeletons (D:9)
  2 goblin zombies (D:9)
  2 hobgoblin skeletons (D:9)
  3 hobgoblin zombies (D:9)
  17 kobolds
  6 orc skeletons (D:9)
  9 orc zombies (D:9)
  21 rats
296 creatures vanquished.

Vanquished Creatures (others)
  2 fungi (D:8)
2 creatures vanquished.

Grand Total: 298 creatures vanquished

Notes
Turn   | Place    | Note
-------+----------+-------------------------------------------
     0 | D:1      | vvl the Demonspawn Venom Mage began the quest for the Orb.
     0 | D:1      | Reached XP level 1. HP: 13/13 MP: 3/3
   246 | D:1      | Reached skill level 1 in Transmutations
   425 | D:1      | Gained mutation: You have large cloven feet. [demonic
                  | ancestry]
   425 | D:1      | Reached XP level 2. HP: 19/19 MP: 0/5
  1272 | D:2      | Gained mutation: A meltable shield of frost defends you.
                  | (SH +4) [demonic ancestry]
  1272 | D:2      | Reached XP level 3. HP: 11/25 MP: 0/6
  1275 | D:2      | Reached skill level 1 in Fighting
  1915 | D:2      | Gained mutation: A meltable icy envelope protects you from
                  | harm. (AC +8) [demonic ancestry]
  1915 | D:2      | Reached XP level 4. HP: 25/32 MP: 0/7
  2488 | D:2      | Found a faded altar of an unknown god.
  2532 | D:3      | Found Jiv Mien's Antique Armour Shop.
  3033 | D:3      | Reached skill level 4 in Poison Magic
  3244 | D:3      | Gained mutation: You are partially covered in icy blue
                  | scales. (AC +2) [demonic ancestry]
  3244 | D:3      | Reached XP level 5. HP: 37/37 MP: 2/8
  3482 | D:3      | Found an iron altar of Okawaru.
  3610 | D:3      | Reached skill level 1 in Necromancy
  3977 | D:4      | Reached skill level 1 in Armour
  4031 | D:4      | Reached skill level 1 in Shields
  4031 | D:4      | Reached XP level 6. HP: 44/44 MP: 5/10
  4192 | D:4      | Found an opulent altar of Gozag.
  4278 | D:4      | Found Lekekki's Book Shoppe.
  4874 | D:4      | Gained mutation: A meltable icy envelope protects you from
                  | harm. (AC +8) [demonic ancestry]
  4874 | D:4      | Reached XP level 7. HP: 36/51 MP: 11/11
  4984 | D:4      | Noticed Menkaure
  5002 | D:4      | Killed Menkaure
  5003 | D:4      | Reached skill level 5 in Poison Magic
  5584 | D:5      | Entered Level 5 of the Dungeon
  5588 | D:5      | Learned a level 2 spell: Passwall
  5593 | D:5      | Learned a level 4 spell: Olgreb's Toxic Radiance
  5740 | D:5      | Found a shadowy altar of Dithmenos.
  5896 | D:5      | Reached XP level 8. HP: 52/58 MP: 6/13
  6518 | D:5      | Noticed Eustachio
  6530 | D:5      | Killed Eustachio
  6531 | D:5      | Reached skill level 6 in Poison Magic
  7089 | D:6      | Found a staircase to the Ecumenical Temple.
  7183 | Temple   | Entered the Ecumenical Temple
  7241 | Temple   | Learned a level 2 spell: Blink
  7467 | Temple   | Became a worshipper of Makhleb the Destroyer
  7739 | D:6      | Gained mutation: You have hoof-like feet. [demonic
                  | ancestry]
  7739 | D:6      | Reached XP level 9. HP: 65/65 MP: 10/15
  7863 | D:6      | Identified a scroll of acquirement
  7865 | D:6      | Acquired a +0 pair of gloves of strength
  8041 | D:7      | Found a shimmering blue altar of Sif Muna.
  8042 | D:7      | Found an ancient bone altar of Kikubaaqudgha.
  8042 | D:7      | Found a radiant altar of Vehumet.
  8045 | D:7      | Got Kikubaaqudgha's Volume of the Vacuum
  8278 | D:7      | Reached skill level 7 in Poison Magic
  8441 | D:7      | Reached * piety under Makhleb
  9381 | D:8      | Reached skill level 5 in Spellcasting
  9390 | D:8      | Reached skill level 5 in Necromancy
  9390 | D:8      | Reached skill level 8 in Poison Magic
  9486 | D:8      | Reached skill level 5 in Fighting
  9541 | D:8      | Gained mutation: You are mostly covered in icy blue scales.
                  | (AC +3) [demonic ancestry]
  9541 | D:8      | Reached XP level 10. HP: 61/74 MP: 13/17
  9745 | D:8      | Found a staircase to the Lair.
  9895 | D:8      | Found an ornate altar of the Wu Jian Council.
 10054 | D:9      | Learned a level 4 spell: Dispel Undead
 10056 | D:9      | Learned a level 1 spell: Animate Skeleton
 10060 | D:9      | Learned a level 3 spell: Stone Arrow
 10084 | D:9      | Reached skill level 1 in Conjurations
 10084 | D:9      | Reached ** piety under Makhleb
 10085 | D:9      | Reached skill level 5 in Transmutations
 10087 | D:9      | Reached skill level 1 in Air Magic
 10087 | D:9      | Reached skill level 1 in Earth Magic
 11133 | D:9      | You fall into a shaft and drop 2 floors!
 11439 | D:11     | Noticed a cyclops
 11451 | D:11     | Killed a cyclops
 11498 | D:10     | Entered Level 10 of the Dungeon
 11605 | D:9      | Reached *** piety under Makhleb
 11676 | D:9      | Found a staircase to the Orcish Mines.
 11828 | D:9      | Gained mutation: You have hooves in place of feet. [demonic
                  | ancestry]
 11828 | D:9      | Reached XP level 11. HP: 46/81 MP: 20/20
 11997 | D:9      | Reached skill level 1 in Invocations
 12056 | D:9      | Found a sacrificial altar of Ru.
 12067 | D:9      | Found a broken altar of Ashenzari.
 12077 | D:9      | Found a shimmering altar of Xom.
 12170 | D:9      | Found a basalt altar of Yredelemnul.
 12353 | D:10     | Noticed a two-headed ogre
 12366 | D:10     | Killed a two-headed ogre
 12367 | D:10     | Reached skill level 9 in Poison Magic
 13414 | D:11     | Noticed a two-headed ogre
 13428 | D:11     | Killed a two-headed ogre
 13541 | D:11     | Reached **** piety under Makhleb
 14122 | D:12     | Found a frozen archway.
 14966 | Lair:1   | Entered Level 1 of the Lair of Beasts
 14992 | Lair:1   | Found a runed translucent door.
 15902 | Lair:1   | Learned a level 3 spell: Swiftness
 16023 | Lair:1   | Noticed a minotaur
 16034 | Lair:1   | Hit by a silver javelin thrown by a minotaur

Illustrated notes

Levels and vault maps discovered:
D:1:      dpeg_arrival_tiny_d, layout_loops_cross,
          minmay_misc_feat_secret_circle
D:2:      layout_rooms, shapermc_ecumenical_altar_pompeii
D:3:      layout_rooms, okawaru_altar_gauntlet_db, serial_shops, shop,
          minmay_rat_hole
D:4:      layout_loops_ring, kennysheep_mini_moat, minivault_26,
          kennysheep_windowed_goal, uniq_menkaure
D:5:      minmay_angry_zag, layout_basic, mainiacjoe_overflow_tiny_flanked,
          nicolae_sextant, minivault_1, uniq_eustachio
D:6:      layout_gridville, minmay_temple_entry_hall, st_stairs_7,
          kennysheep_generic_room_11
D:7:      layout_basic, grunt_temple_overflow_magic_moments
D:8:      layout_loops_ring, mainiacjoe_overflow_six_doors_small,
          grunt_lair_entry_orc_guard_hut
D:9:      layout_irregular_city, nicolae_overflow_quartered_altars,
          zombieorc2_lemuel, lightli_orcish_oven
D:10:     layout_basic, serial_park_tiny_1
D:11:     layout_irregular_city
D:12:     layout_rooms, portal_ice_cave_rime, due_unseen_surprise
Temple:   minmay_temple_curvy_loop
Lair:1:   dreamdust_labyrinth, layout_chaotic_city

Skill      XL: |  1  2  3  4  5  6  7  8  9 10 11 |
---------------+----------------------------------+-----
Transmutations | 1 2 3 4 5 |  5.0
Dodging        | 2 |  2.0
Stealth        | 2 |  2.0
Fighting       | 1 2 3 5 6 |  6.6
Poison Magic   | 4 5 6 8 9 |  9.3
Necromancy     | 1 2 3 5 6 7 |  7.0
Armour         | 1 2 3 4 |  4.0
Shields        | 1 2 3 4 |  4.0
Spellcasting   | 3 4 5 6 |  6.4
Conjurations   | 2 3 |  3.9
Air Magic      | 2 3 |  3.5
Earth Magic    | 2 3 |  3.6
Invocations    | 3 |  3.3

Action                   |  1- 3 |  4- 6 |  7- 9 | 10-12 || total
-------------------------+-------+-------+-------+-------++-------
Melee: Unarmed           |    31 |     7 |       |       ||    38
       Kick              |     6 |    38 |    72 |   136 ||   252
       Punch             |     1 |       |       |       ||     1
       Short sword       |       |   157 |   195 |   345 ||   697
 Cast: Sting             |    57 |    99 |   155 |    63 ||   374
       Olgreb's Toxic Ra |       |       |    13 |    12 ||    25
       Dispel Undead     |       |       |       |    20 ||    20
       Stone Arrow       |       |       |       |     2 ||     2
Evoke: Wand              |       |       |       |     5 ||     5
  Use: Scroll            |       |     4 |     8 |     6 ||    18
       Potion            |       |       |     2 |     1 ||     3
 Stab: Sleeping          |       |       |     1 |       ||     1
       Distracted        |       |       |       |     1 ||     1
Armor: Robe              |    12 |   103 |    94 |    85 ||   294
       Leather armour    |       |       |       |    81 ||    81
Dodge: Dodged            |    51 |   119 |   126 |   284 ||   580
Block: Other             |     2 |     2 |       |       ||     4
       Buckler           |       |    87 |   211 |   321 ||   619
       Reflection        |       |       |     3 |    13 ||    16
